 Dungeon Crawl Stone Soup version 0.17-a0-488-g0a147b9 (webtiles) character file.

123 vidarsk the Vexing (level 4, -1/32 HPs)
             Began as a Vampire Enchanter on Apr 9, 2015.
             Slain by an adder (2 damage)
             ... on level 4 of the Dungeon.
             The game lasted 00:30:02 (3048 turns).

vidarsk the Vexing (Vampire Enchanter)              Turns: 3048, Time: 00:30:02

Health: -1/32      AC:  5    Str:  7    XL:     4   Next: 79%
Magic:  0/8        EV: 12    Int: 18    God:
Gold:   97         SH:  0    Dex: 14    Spells: 3 memorised, 2 levels left

rFire  . . .     SeeInvis +     a - +1 dagger
rCold  + . .     Clarity  .     p - +1 robe
rNeg   + + .     SustAb   .     (no shield)
rPois  +         Gourm    .     x - +0 helmet
rElec  .         Spirit   +     (no cloak)
rCorr  .         Warding  .     q - +0 pair of gloves
rMut   .         Stasis   .     (no boots)
MR     .....                    n - amulet of guardian spirit
Stlth  +++.......               (no ring)
                                (no ring)

@: regenerating slowly, not resistant to hostile enchantments, fairly stealthy
A: fangs 3, see invisible, unbreathing
a: Bat Form


You were on level 4 of the Dungeon.
You were thirsty.

You visited 1 branch of the dungeon, and saw 4 of its levels.

You collected 97 gold pieces.

Inventory:

Hand weapons
 a - a +1 dagger (weapon)
 b - a +0 hunting sling
Missiles
 o - 194 stones (quivered)
Armour
 p - a +1 robe (worn)
 q - a +0 pair of gloves (worn)
 s - a +0 buckler
 x - a +0 helmet (worn)
Jewellery
 i - an uncursed ring of see invisible
 n - an amulet of guardian spirit (around neck)
Scrolls
 e - 2 scrolls of magic mapping {unknown}
 g - 3 scrolls of remove curse {unknown}
 h - 2 scrolls of immolation {unknown}
 j - a scroll of noise {unknown}
 l - a scroll of enchant armour {unknown}
 r - a scroll of identify {unknown}
 t - 2 scrolls of fog {unknown}
Potions
 d - 18 potions of blood
 f - a potion of agility {unknown}
 k - 2 potions of degeneration {unknown}
 m - a potion of heal wounds {unknown}
 v - a potion of brilliance {unknown}
 w - a potion of curing {unknown}
Books
 c - a book of Maledictions

   Spells                             Type                      Level
   a - Corona                         Hexes                        1
   b - Ensorcelled Hibernation        Hexes/Ice                    2
   c - Confuse                        Hexes                        3
   d - Tukima's Dance                 Hexes                        3
   e - Dazzling Spray                 Conjuration/Hexes            3
 u - a book of the Dragon

   Spells                             Type                      Level
   a - Flight                         Charms/Air                   3
   b - Cause Fear                     Hexes                        4
   c - Bolt of Fire                   Conjuration/Fire             6
   d - Dragon Form                    Transmutation                7
   e - Dragon's Call                  Summoning                    9


   Skills:
 - Level 1.0 Fighting
 - Level 2.1 Short Blades
 + Level 1.1 Slings
 - Level 2.1 Dodging
 - Level 5.0 Stealth
 - Level 1.0 Unarmed Combat
 - Level 3.0 Spellcasting
 - Level 5.0 Hexes


You had 2 spell levels left.
You knew the following spells:

 Your Spells              Type           Power        Failure   Level  Hunger
a - Corona                Hex            ###....      1%          1    None
C - Confuse               Hex            ###.....     10%         3    ###....
T - Tukima's Dance        Hex            ###.....     10%         3    ###....


Dungeon Overview and Level Annotations

Branches:
Dungeon (4/15)
 Temple: D:4-7

Altars:
Dithmenos
Kikubaaqudgha
Nemelex Xobeh
Ru
Sif Muna
Xom


Innate Abilities, Weirdness & Mutations

You heal slowly.
You have razor-sharp teeth.
You have supernaturally acute eyesight.
You can survive without breathing.


Message History

You hit the centaur.
The centaur is lightly wounded.
The adder closely misses you. The centaur hits you.
The adder bites you but does no damage.
The centaur wields an uncursed shortbow.
The centaur shoots an arrow.
The arrow closely misses you.
The centaur shoots an arrow.
The arrow hits you!
* * * LOW HITPOINT WARNING * * *
You see here an arrow.
Drink which item? (? for menu, Esc to quit)
Okay, then.
Casting: Corona
Confirm with . or Enter, or press ? or * to list all spells.
You don't have enough magic to cast that spell.
The centaur stops glowing.
Drink which item? (? for menu, Esc to quit)
Yummy - fresh blood!
You are feeling thirsty.
The adder barely misses you. The adder bites you.
You die...

.....## #.....+. #.....#.
#.....#. . #.....#. ...
+.....#. #....#+##
#+###+#.....#.
#....#..##..##.....#+#..
#.....#@#...(#.....#..._
'....#8#S....#.....#....
.#..#..#..#...+..........
....#8#c..#8#..#......_..⌠
...#..#..#..#..#)..........
.S.#8#...#8#(..#8#..........
#....#..#..#..#..#...........
###.....#8#...#8#.............
......#..#..#..#..#.#'###.....


You could see a centaur and an adder.

Vanquished Creatures
  3 adders
  2 worms
  2 giant geckos
  3 orcs (D:3)
  3 ball pythons
  7 bats
  4 giant cockroaches
  7 goblins
  9 hobgoblins
  3 giant newts (D:1)
  7 jackals (D:1)
  12 kobolds
  14 rats
76 creatures vanquished.

Vanquished Creatures (others)
  5 toadstools (D:1)
5 creatures vanquished.

Grand Total: 81 creatures vanquished

Notes
Turn   | Place    | Note
--------------------------------------------------------------
     0 | D:1      | vidarsk, the Vampire Enchanter, began the quest for the Orb.
     0 | D:1      | Reached XP level 1. HP: 13/13 MP: 3/3
   215 | D:1      | Reached skill level 1 in Unarmed Combat
   329 | D:1      | Reached XP level 2. HP: 10/19 MP: 3/5
   937 | D:1      | Reached XP level 3. HP: 15/25 MP: 2/6
  1745 | D:2      | Reached skill level 5 in Hexes
  1821 | D:2      | Found a sparkling altar of Nemelex Xobeh.
  1888 | D:2      | Reached skill level 1 in Fighting
  1997 | D:2      | Found a deep blue altar of Sif Muna.
  2119 | D:2      | Reached XP level 4. HP: 20/32 MP: 7/7
  2409 | D:3      | Found a shimmering altar of Xom.
  2478 | D:3      | Learned a level 3 spell: Confuse
  2482 | D:3      | Learned a level 3 spell: Tukima's Dance
  2595 | D:3      | Reached skill level 5 in Stealth
  2921 | D:4      | Reached skill level 1 in Slings
  2987 | D:4      | Found an ancient bone altar of Kikubaaqudgha.
  2991 | D:4      | Found a shadowy altar of Dithmenos.
  2993 | D:4      | Found a sacrificial altar of Ru.
  3029 | D:4      | Noticed a centaur
  3046 | D:4      | HP: 1/32 [centaur/arrow (14)]
  3048 | D:4      | Slain by an adder

Action                   |  1- 3 |  4- 6 || total
-------------------------+-------+-------++-------
Melee: Dagger            |   178 |    37 ||   215
       Unarmed           |     6 |       ||     6
 Fire: Hunting sling     |    10 |    62 ||    72
 Cast: Corona            |    38 |    16 ||    54
       Confuse           |       |     2 ||     2
 Abil: End Transformatio |     1 |       ||     1
       Bat Form          |     1 |       ||     1
  Use: Potion            |     4 |     1 ||     5
 Stab: Sleeping          |     9 |       ||     9
